 Dungeon Crawl Stone Soup version 0.31-a0-845-g9abc20d24f (webtiles) character file.

Game seed: 13559725117939377411

5550 Gargoyl the Protected (level 10, -7/60 HPs)
             Began as a Gargoyle Berserker on Oct 2, 2023.
             Was a Follower of Trog.
             Killed by divine providence
             ... invoked by an orc priest
              (13 damage)
             ... on level 7 of the Dungeon.
             The game lasted 00:10:59 (5461 turns).

Gargoyl the Protected (Gargoyle Berserker)          Turns: 5461, Time: 00:11:00

Health: -7/60      AC: 25    Str: 22    XL:     10   Next: 71%
Magic:  0/10       EV:  9    Int: 13    God:    Trog [*.....]
Gold:   311        SH: 13    Dex: 13    Spells: 9/9 levels left

rFire   . . .        a - +3 hand axe
rCold   + . .        v - +0 tower shield
rNeg    + . .        l - +0 chain mail of Intercession {rC+}
rPois   ∞            j - +1 helmet
rElec   +            (no cloak)
rCorr   .            p - +0 pair of gloves
SInv    +            i - +0 pair of boots
Will    .....        o - amulet of guardian spirit Stlth
                     n - +6 ring of intelligence
HPRegen 0.30/turn    (no ring)
MPRegen 0.12/turn

%: guardian spirit
@: on berserk cooldown, attractive
A: sickness immunity, AC +7, negative energy resistance 1, electricity
resistance, torment resistance 1, petrification resistance, iridescent scales 1,
see invisible, sturdy frame 1
a: Renounce Religion, Berserk


You were on level 7 of the Dungeon.
You worshipped Trog.
Trog was aware of your devotion.
You visited 1 branch of the dungeon, and saw 10 of its levels.

You collected 311 gold pieces.

Inventory:

Hand Weapons
 a - a +3 hand axe (weapon)
 c - a +0 spear
Armour
 i - a +0 pair of boots (worn)
 j - a +1 helmet (worn)
 l - the +0 chain mail of Intercession (worn) {rC+}
   (You found it on level 6 of the Dungeon)

   rC+:       It protects you from cold.
 p - a +0 pair of gloves (worn)
 v - a +0 tower shield (worn)
Jewellery
 n - a +6 ring of intelligence (left hand)
 o - an amulet of guardian spirit (around neck)
Scrolls
 h - 3 scrolls of silence
 k - 2 scrolls of identify
 t - a scroll of blinking
 u - a scroll of fog
Potions
 e - a potion of brilliance
 g - a potion of mutation
 m - 2 potions of lignification
 q - a potion of attraction
 s - a potion of haste {unknown}
 w - a potion of ambrosia {unknown}


   Skills:
 + Level 6.2 Fighting
 + Level 8.6 Axes
 * Level 9.5 Armour
 * Level 6.0 Dodging
 + Level 0.6 Stealth
 + Level 4.9 Shields
 + Level 0.5 Evocations


You had 9 spell levels left.
You didn't know any spells.
Your spell library was empty.

Dungeon Overview and Level Annotations

Branches:
Dungeon (10/15)            Temple (0/1) D:6
   Lair: D:8-11         Orc: D:9-12

Altars:
Ashenzari
Kikubaaqudgha
Makhleb
Nemelex Xobeh
Okawaru
Ru
Trog
Uskayaw
Yredelemnul
Zin
The Shining One


Innate Abilities, Weirdness & Mutations

You are immune to sickness and miasma.
Your stone body is resilient. (AC +7)
You are immune to poison.
You resist negative energy. (rN+)
You are resistant to electric shocks. (rElec)
You are resistant to unholy torment.
You are immune to petrification.
You are partially covered in iridescent scales. (AC +2)
You have supernaturally acute eyesight. (SInv)
Your movements are slightly less encumbered by armour. (ER -2)


Message History

Press: ? - help, Dir - move target, f - orc wizard
Aim: an orc wizard, wielding a +0 dagger and wearing a +0 robe (slightly transparent, about 37% to evade your +3 hand axe)
Okay, then.
You slash the orc wizard!
You kill the orc wizard!
Trog accepts your kill.
Trog appreciates your killing of a magic user.
You are no longer berserk.
You are exhausted.
You feel yourself slow down.
You hit the centaur.
The centaur is lightly wounded.
The centaur unwields a +0 orcbow.
You block the centaur's attack. x2
The centaur hits you but does no damage.
The centaur kicks you.
* * * LOW HITPOINT WARNING * * *
The centaur hits you but does no damage.
The centaur kicks you but does no damage.
Okay, then.
It was a potion of attraction.
You feel attractive to monsters.
The centaur hits you but does no damage.
The centaur kicks you but does no damage.
You block the centaur's attack. x2
The howler monkey hoots and howls with incredible vigour!
It was a potion of cancellation.
Your magical effects are unravelling.
You feel magically purged.
You feel less wooden.
Your +1 helmet unmelds from your body.
Your +0 pair of gloves unmelds from your body.
Your +0 pair of boots unmelds from your body.
The +0 chain mail of Intercession {rC+} unmelds from your body.
You feel yourself speed up. You block the centaur's attack.
The centaur closely misses you.
The centaur hits you but does no damage.
You block the centaur's attack.
The orc priest mumbles some strange prayers to Beogh against you.
Beogh smites you!
You die...

#*****,*,*,♣.*.♣,*,*,* #.##
..**,*,*,*,♣.*.♣,*,*,* #.# *#
...,,*,,,*,..,..,*,,,* #†##*#.
###********##,##****** ***##.##..
**,* ♣.* **,* #...#* *,**
**♣♣♣♣.♣♣♣♣♣♣ *,** #..##* **,**
*,..........♣ **,♣*#..#,, ***,*
*,.....[)...♣ **,.♣#..#*, ,,,,*
*,.'#####@..♣ **,*♣.#.##** ,****
*,,#ZoWoc#).♣ *,♣♣♣.#.#
,,,*****,,#.hKFh#..♣**,♣...#)# #
***,,,,,,,#..ooz#....,,♣...))####
* **,***,,#....l#..♣♣#*♣.♣♣#)....
*,** *,,#.....#..♣ ♣.** #.....
****,* *,.'#####'..♣ ♣*,**#.....
,,,*,* *,..,,,,,,..♣ **,*#....#
,**,,* *,,,,,,,,,,,* **,#...##


You could see a wraith, an orc warrior, a kobold brigand, a bullfrog, a centaur,
a howler monkey (catching breath), an iguana, a hound, a wight, an orc priest,
an orc wizard, a howler monkey simulacrum and an orc.

Vanquished Creatures
  A centaur warrior (D:7)
  Pikel (D:5)
  A cyclops (D:7)
  A manticore (D:7)
  An ugly thing (D:7)
  An eye of devastation (D:10)
  Eustachio (D:6)
  Menkaure (D:5)
  Duvessa (D:6)
  2 ice beasts
  2 orc warriors
  2 sky beasts (D:7)
  A black bear (D:7)
  2 centaurs
  A phantom (D:7)
  3 ogres
  2 kobold brigands (D:7)
  4 bullfrogs
  5 wights (D:7)
  Dowan (D:6)
  3 killer bees (D:9)
  The ghost of Talonman3 the Conjurer, a weakling DrCj (D:3)
  A howler monkey (D:7)
  An electric eel (D:6)
  3 orc priests
  6 hounds
  Terence (D:2)
  5 iguanas
  5 orc wizards
  A gnoll (D:7)
  6 adders
  A white imp (D:7)
  2 ufetubi (D:6)
  4 dart slugs
  25 orcs
  6 endoplasms
  4 giant cockroaches
  4 goblins (D:1)
  5 hobgoblins
  4 jackals (D:1)
  3 quokkas
  10 ball pythons
  4 bats
  2 frilled lizards
  2 kobolds (D:1)
  2 rats
145 creatures vanquished.

Notes
Turn   | Place    | Note
-------+----------+-------------------------------------------
     0 | D:1      | Gargoyl the Gargoyle Berserker began the quest for the Orb.
     0 | D:1      | Reached XP level 1. HP: 14/14 MP: 1/1
   108 | D:1      | Reached XP level 2. HP: 19/19 MP: 2/2
   359 | D:1      | Reached XP level 3. HP: 23/23 MP: 3/3
   688 | D:1      | Reached ** piety under Trog
  1048 | D:2      | Noticed Terence
  1056 | D:2      | Killed Terence
  1057 | D:2      | Reached XP level 4. HP: 29/29 MP: 4/4
  1322 | D:2      | Found an ancient bone altar of Kikubaaqudgha.
  1409 | D:3      | Found a burning altar of Makhleb.
  1410 | D:3      | Found a sparkling altar of Nemelex Xobeh.
  1411 | D:3      | Found a hide-covered altar of Uskayaw.
  1431 | D:3      | Found a basalt altar of Yredelemnul.
  1432 | D:3      | Found an ancient bone altar of Kikubaaqudgha.
  1438 | D:3      | Found a broken altar of Ashenzari.
  1438 | D:3      | Found an iron altar of Okawaru.
  1439 | D:3      | Found a glowing silver altar of Zin.
  1491 | D:3      | Found a sacrificial altar of Ru.
  1533 | D:3      | Reached skill level 3 in Armour
  1790 | D:3      | Found a runed translucent gate.
  1792 | D:3      | Found a runed translucent gate.
  1794 | D:3      | Found a runed translucent gate.
  1797 | D:3      | Noticed Talonman3's ghost (weakling DrCj)
  1805 | D:3      | Killed Talonman3's ghost
  1806 | D:3      | Reached XP level 5. HP: 33/33 MP: 5/5
  1999 | D:4      | Identified the +6 trident of the Grave {pain, *Noise rC++
                  | Dex+5}
  2030 | D:4      | Gained mutation: You have supernaturally acute eyesight.
                  | (SInv) [potion of mutation]
  2030 | D:4      | Gained mutation: Your movements are slightly less
                  | encumbered by armour. (ER -2) [potion of mutation]
  2030 | D:4      | Gained mutation: You are partially covered in iridescent
                  | scales. (AC +2) [potion of mutation]
  2032 | D:4      | HP: 1/33 [orc/the +6 trident of the Grave {pain, *Noise
                  | rC++ Dex+5} (6)]
  2241 | D:4      | Found a glowing golden altar of the Shining One.
  2448 | D:4      | Reached skill level 4 in Armour
  2448 | D:4      | Reached XP level 6. HP: 38/38 MP: 6/6
  2951 | D:5      | Entered Level 5 of the Dungeon
  3085 | D:5      | Noticed an ice beast
  3093 | D:5      | Killed an ice beast
  3094 | D:5      | Reached XP level 7. HP: 44/44 MP: 7/7
  3129 | D:5      | Reached skill level 5 in Armour
  3170 | D:5      | Found a bloodstained altar of Trog.
  3380 | D:5      | Noticed Pikel
  3397 | D:5      | Killed Pikel
  3398 | D:5      | Reached skill level 5 in Axes
  3398 | D:5      | Reached skill level 6 in Armour
  3398 | D:5      | Reached XP level 8. HP: 48/48 MP: 8/8
  3418 | D:5      | Noticed Menkaure
  3434 | D:5      | Killed Menkaure
  3952 | D:6      | Noticed Dowan
  3954 | D:6      | Noticed Duvessa
  3970 | D:6      | Killed Duvessa
  3971 | D:6      | Reached skill level 7 in Armour
  3976 | D:6      | Killed Dowan
  3998 | D:6      | Found a staircase to the Ecumenical Temple.
  4133 | D:6      | Reached skill level 5 in Fighting
  4151 | D:6      | Identified the +0 chain mail of Intercession {rC+}
  4198 | D:6      | Reached XP level 9. HP: 54/54 MP: 9/9
  4349 | D:6      | Noticed Eustachio
  4359 | D:6      | Killed Eustachio
  4680 | D:6      | Reached skill level 8 in Armour
  5046 | D:7      | Reached skill level 1 in Shields
  5080 | D:7      | You fall into a shaft and drop 3 floors!
  5080 | D:10     | Entered Level 10 of the Dungeon
  5141 | D:10     | Noticed a two-headed ogre
  5146 | D:10     | a two-headed ogre changed into an eye of devastation
  5146 | D:10     | Noticed an eye of devastation
  5158 | D:10     | Killed an eye of devastation
  5159 | D:10     | Reached skill level 5 in Dodging
  5255 | D:9      | Reached XP level 10. HP: 59/59 MP: 10/10
  5342 | D:7      | Noticed a cyclops
  5342 | D:7      | Noticed a centaur warrior
  5342 | D:7      | Noticed a manticore
  5342 | D:7      | Noticed a cyan ugly thing
  5351 | D:7      | Killed a manticore
  5352 | D:7      | Reached skill level 9 in Armour
  5399 | D:7      | Killed a cyan ugly thing
  5414 | D:7      | Killed a centaur warrior
  5429 | D:7      | Killed a cyclops
  5461 | D:7      | Killed from afar by an orc priest

Illustrated notes

Levels and vault maps discovered:
D:1:      lemuel_arrival_cross, layout_basic, grunt_decor_clamped
D:2:      layout_loops_ring, basic_altar, uniq_terence
D:3:      layout_rooms, mainiacjoe_overflow_boulevard,
          grunt_temple_overflow_open, ebering_ghost_rock_garden
D:4:      layout_loops_ring, nicolae_tso_carved_into_rock, dk_noncrumbling_4
D:5:      layout_loops_ring, mainiacjoe_overflow_small_starburst, st_stairs_2,
          uniq_menkaure, uniq_pikel
D:6:      layout_loops_ring, minmay_temple_entry_arrows, water_boxes_lemuel,
          uniq_duvessa, uniq_eustachio
D:7:      nzn_winding_woodlands_cross
          [nzn_winding_woodlands_5x15_river_crossing,
          nzn_winding_woodlands_5x15_jagged, nzn_winding_woodlands_5x15_crooked,
          nzn_winding_woodlands_5x15_sidewinder,
          nzn_winding_woodlands_15x15_killbox], layout_layer_cave,
          enter_bailey_3, st_stairs_7
D:8:      layout_gridville, dpeg_oklobed_lair, uniq_gastronok
D:9:      layout_grid_maze, mainiacjoe_overflow_concentric_impassable,
          mainiacjoe_overflow_paths, mainiacjoe_overflow_chevrons, serial_shops,
          shop, amcnicky_mini_rare_corridor_liquid
D:10:     layout_stronghold, nrook_pool_corridor

Skill      XL: |  1  2  3  4  5  6  7  8  9 10 |
---------------+-------------------------------+-----
Axes           | 3 4 5 6 8 |  8.6
Dodging        | 2 3 4 5 6 |  6.0
Armour         | 3 4 6 7 8 9 |  9.5
Fighting       | 4 5 6 |  6.2
Shields        | 2 4 |  4.9
Stealth        | |  0.6
Evocations     | |  0.5

Action                     |  1- 3 |  4- 6 |  7- 9 | 10-12 || total
---------------------------+-------+-------+-------+-------++-------
  Melee: Hand axe          |    87 |   134 |   294 |   112 ||   627
         Punch             |       |     3 |     2 |       ||     5
 Invoke: Berserk           |     1 |     8 |    12 |     4 ||    25
         Trog's Hand       |     1 |     3 |     7 |     5 ||    16
  Evoke: Wand              |       |       |     4 |       ||     4
    Use: Scroll            |     2 |     8 |     4 |     5 ||    19
         Potion            |       |     6 |       |     8 ||    14
 Armour: Animal skin       |     7 |       |       |       ||     7
         Chain mail        |    62 |   144 |   238 |   105 ||   549
         Skin              |       |       |       |    34 ||    34
  Dodge: Dodged            |    67 |    85 |   154 |    43 ||   349
  Block: Tower shield      |       |       |    64 |   111 ||   175

Table legend: (Time is in decaauts)
 A = Elapsed time spent in this place.
 B = Non-inter-level travel time spent in this place.
 C = Inter-level travel time spent in this place.
 D = Time resting spent in this place.
 E = Time spent auto-exploring this place.
 F = Levels seen in this place.
 G = Mean time per level.
                   A        B        C        D        E       F      G
               +--------+--------+--------+--------+--------+-----+--------+
         Total |   5730 |   5482 |    248 |    613 |   3228 |  10 |  573.0 |
       Dungeon |   5730 |   5482 |    248 |    613 |   3228 |  10 |  573.0 |
               +--------+--------+--------+--------+--------+-----+--------+

Top non-repeatable levels by time:
     D:5: 1035 daAuts
     D:6: 994 daAuts
     D:4: 935 daAuts
     D:1: 801 daAuts
     D:3: 662 daAuts
     D:2: 626 daAuts
     D:7: 374 daAuts
    D:10: 144 daAuts
     D:9: 139 daAuts
     D:8: 16 daAuts
